 Dungeon Crawl Stone Soup version 0.28-a0-563-gf77a47075d (webtiles) character file.

Game seed: 6732674272446416051

1615 olourkin the Arsonist (level 8, -2/62 HPs)
             Began as a Grey Draconian Fire Elementalist on Sept 27, 2021.
             Was an Initiate of Vehumet.
             Slain by Duvessa (7 damage)
             ... on level 5 of the Dungeon on Oct 1, 2021.
             The game lasted 00:47:31 (7754 turns).

olourkin the Arsonist (DrFE)                        Turns: 7754, Time: 00:47:32

Health: -2/62      AC: 17    Str: 11    XL:     8   Next: 64%
Magic:  1/11       EV: 12    Int: 18    God:    Vehumet [......]
Gold:   190        SH:  0    Dex: 11    Spells: 1/11 levels left

rFire   + . .      SeeInvis .   u - +6 club
rCold   x . .      Faith    .   (no shield)
rNeg    . . .      Spirit   .   (armour unavailable)
rPois   .          Reflect  .   (helmet restricted)
rElec   .          Harm     .   y - +0 cloak
rCorr   .          Rampage  .   k - +0 pair of gloves
Will    .....                   (no boots)
Stlth   ++........              (no amulet)
HPRegen 0.20/turn               f - ring of fire
MPRegen 0.12/turn               z - +4 ring of protection

@: no status effects
A: AC +11, amphibious, unfitting armour, cold-blooded
a: Renounce Religion


You were on level 5 of the Dungeon.
You worshipped Vehumet.
Vehumet was noncommittal.
You visited 1 branch of the dungeon, and saw 5 of its levels.

You collected 190 gold pieces.

Inventory:

Hand Weapons
 b - a +0 club
 d - a +0 whip of electrocution
 u - a +6 club (weapon)
Missiles
 h - 154 stones
 l - 27 poisoned darts
 n - 3 boomerangs
Armour
 k - a +0 pair of gloves (worn)
 y - a +0 cloak (worn)
Jewellery
 f - a ring of fire (left hand)
 o - a ring of resist corrosion
 s - a ring of fire
 z - a +4 ring of protection (right hand)
 A - a +4 ring of evasion
Wands
 r - a wand of polymorph (5)
 t - a wand of charming (13)
 w - a wand of digging (4)
Scrolls
 a - a scroll of identify
 c - a scroll of immolation {unknown}
 e - 2 scrolls of teleportation
 m - a scroll of blinking
Potions
 g - a potion of curing
 i - a potion of lignification {!q}
 p - 2 potions of flight {unknown}
 q - a potion of might {unknown}
 x - 2 potions of attraction {unknown}
 B - 2 potions of resistance


   Skills:
 + Level 2.9 Fighting
 - Level 1.9 Dodging
 - Level 1.9 Stealth
 - Level 2.0 Spellcasting
 + Level 6.3 Conjurations
 + Level 8.9 Fire Magic


You had one spell level left.
You knew the following spells:

 Your Spells              Type           Power      Damage    Failure   Level
i - Conjure Flame         Conj/Fire      44%        6-21      2%          3
o - Flame Wave            Conj/Fire      44%        3d9       8%          4
u - Scorch                Fire           100%       2d10      1%          2
y - Foxfire               Conj/Fire      100%       2x1d9     1%          1

Your spell library contained the following spells:

 Spells                   Type           Power      Damage    Failure   Level
 Animate Skeleton         Necr           2%         N/A       19%         1
 Apportation              Tloc           2%         N/A       19%         1
 Summon Small Mammal      Summ           4%         N/A       19%         1
 Inner Flame              Hex/Fire       27%        N/A       9%          3
 Passwall                 Tmut/Erth      0%         N/A       26%         2
 Swiftness                Air            1%         N/A       47%         3
 Invisibility             Hex            0%         N/A       100%        6


Dungeon Overview and Level Annotations

Branches:
Dungeon (5/15)
 Temple: D:4-7

Altars:
Fedhas
Hepliaklqana
Ru
Sif Muna
Vehumet

Shops:
D:5 *

Annotations:
D:5 Duvessa


Innate Abilities, Weirdness & Mutations

Your dull iron-grey scales are very hard. (AC +11)
You are amphibious.
You cannot fit into any form of body armour.
You are cold-blooded and may be slowed by cold attacks.


Message History

Casting: Flame Wave (dangerous; 8% risk of failure)
Confirm with . or Enter, or press ? or * to list all spells.
Okay, then.
You feel better. Duvessa hits you with a +0 rapier.
* * * LOW HITPOINT WARNING * * *
Duvessa hits you with a +0 rapier.
* * * LOW HITPOINT WARNING * * *
Duvessa hits you with a +0 rapier.
* * * LOW HITPOINT WARNING * * *
Duvessa closely misses you. Duvessa barely misses you.
Duvessa hits you with a +0 rapier!
* * * LOW HITPOINT WARNING * * *
You feel better. Duvessa hits you with a +0 rapier!
* * * LOW HITPOINT WARNING * * *
You feel better. Duvessa barely misses you. Duvessa hits you with a +0 rapier!
* * * LOW HITPOINT WARNING * * *
Blink to where?
Press: ? - help, Dir - move target
As you read the scroll of blinking, it crumbles to dust.
Okay, then.
Casting: Flame Wave (dangerous; 8% risk of failure)
Confirm with . or Enter, or press ? or * to list all spells.
You can't see any susceptible monsters within range! (Use Z to cast anyway.) Unknown command.
Casting: Flame Wave (dangerous; 8% risk of failure)
Confirm with . or Enter, or press ? or * to list all spells.
You feel a surge of power!
Flames lash Duvessa.
Duvessa resists.
Duvessa is severely wounded.
Duvessa's fire resistance burns away.
Casting: Scorch (safe; 1% risk of failure)
Confirm with . or Enter, or press ? or * to list all spells.
You don't have enough magic to cast this spell.
Unknown command.
Okay, then.
Okay, then.
Duvessa is no longer berserk.
Duvessa is no longer more vulnerable to fire.
Duvessa hits you with a +0 rapier!
You die...

#........# #.# .#...#####
#.###+#. ......# #.......#
#####.# #.......## #.# #........#
#.######.#####..# #........# #..#
####
#####.#############)##########...
................@e.............##
####################.############
##.)###### #.>. ..... #....##..##
##### ##### ####.†..'....# ...
#..##..##....# ###
.)..'#####..#### #..
....##...##'#..## #.#
#..##.....##....# #


You could see Duvessa (slow).

Vanquished Creatures
  Pikel (D:4)
  Grinder (D:4)
  An ice beast (D:5)
  A black bear (D:4)
  A centaur (D:5)
  Blork the orc (D:4)
  2 scorpions (D:5)
  Dowan (D:5)
  A centaur zombie (D:5)
  An orc priest (D:2)
  3 bullfrog skeletons
  An iguana (D:5)
  Ijyb (D:4)
  3 orc wizards
  Robin (D:3)
  3 gnolls
  5 adders
  2 shadow imps (D:5)
  An adder skeleton (D:4)
  2 worms (D:3)
  3 dart slugs
  8 orcs
  8 ball pythons
  6 bats
  7 endoplasms
  A giant cockroach (D:2)
  16 goblins
  11 hobgoblins
  2 jackals (D:1)
  A quokka (D:4)
  2 frilled lizards
  8 kobolds
  7 rats
113 creatures vanquished.

Vanquished Creatures (others)
  44 foxfires
44 creatures vanquished.

Grand Total: 157 creatures vanquished

Notes
Turn   | Place    | Note
-------+----------+-------------------------------------------
     0 | D:1      | olourkin the Draconian Fire Elementalist began the quest
                  | for the Orb.
     0 | D:1      | Reached XP level 1. HP: 14/14 MP: 3/3
   209 | D:1      | Reached XP level 2. HP: 20/20 MP: 3/5
   384 | D:1      | Learned a level 2 spell: Scorch
  1112 | D:2      | Reached skill level 4 in Fire Magic
  1112 | D:2      | Reached XP level 3. HP: 26/26 MP: 1/6
  2374 | D:2      | Learned a level 3 spell: Conjure Flame
  2469 | D:2      | Reached XP level 4. HP: 26/33 MP: 2/7
  2628 | D:2      | Reached skill level 5 in Fire Magic
  3338 | D:3      | Reached XP level 5. HP: 32/38 MP: 0/8
  3389 | D:3      | Reached skill level 6 in Fire Magic
  3479 | D:3      | Identified the +3 helmet of Uskayaw's Whim {rPois Regen+}
  3479 | D:3      | Noticed Robin
  3715 | D:3      | Killed Robin
  4597 | D:4      | Noticed Blork the orc
  4597 | D:4      | Noticed Ijyb
  4723 | D:4      | Found a hazy altar of Hepliaklqana.
  4830 | D:4      | Noticed a black bear
  4867 | D:4      | Killed a black bear
  4868 | D:4      | Reached XP level 6. HP: 45/45 MP: 0/9
  4972 | D:4      | Found a radiant altar of Vehumet.
  4972 | D:4      | Noticed Grinder
  4980 | D:4      | Found a sacrificial altar of Ru.
  4980 | D:4      | Found a shimmering blue altar of Sif Muna.
  4996 | D:4      | Killed Grinder
  4997 | D:4      | Reached skill level 7 in Fire Magic
  4997 | D:4      | Your scales start taking on a dull iron-grey colour.
  4997 | D:4      | Reached XP level 7. HP: 21/50 MP: 0/10
  5182 | D:4      | Found a blossoming altar of Fedhas.
  5305 | D:4      | Killed Blork the orc
  5307 | D:4      | Upgraded the game from 0.28-a0-535-g6f645e4c1d to
                  | 0.28-a0-563-gf77a47075d
  5356 | D:4      | Killed Ijyb
  5457 | D:4      | Noticed Pikel
  5773 | D:4      | Killed Pikel
  5774 | D:4      | Reached skill level 5 in Conjurations
  5774 | D:4      | Reached skill level 8 in Fire Magic
  5774 | D:4      | Reached XP level 8. HP: 39/57 MP: 0/11
  5980 | D:4      | Learned a level 4 spell: Flame Wave
  6282 | D:4      | Became a worshipper of Vehumet
  6307 | D:5      | Entered Level 5 of the Dungeon
  6702 | D:5      | Found Rumaf's Assorted Antiques.
  6718 | D:5      | Noticed Duvessa
  6718 | D:5      | Noticed Dowan
  7314 | D:5      | Reached skill level 1 in Fighting
  7730 | D:5      | Killed Dowan
  7745 | D:5      | HP: 3/62 [Duvessa (16)]
  7754 | D:5      | Slain by Duvessa

Illustrated notes

Levels and vault maps discovered:
D:1:      dpeg_arrival_chambers_temple_mockup, layout_loops_ring, st_stairs_5
D:2:      layout_loops_corners
D:3:      layout_basic, uniq_robin
D:4:      layout_basic, chequers_temple_overflow_statue_of_worship,
          mainiacjoe_overflow_catwalk, uniq_grinder, uniq_blork_the_orc,
          uniq_ijyb, uniq_pikel
D:5:      minmay_bubble_buster, layout_basic, minmay_temple_entry_large_hall,
          serial_shops, shop, nrook_loot_triangle, uniq_duvessa

Skill      XL: |  1  2  3  4  5  6  7  8 |
---------------+-------------------------+-----
Fire Magic     | 4 5 6 7 8 |  8.9
Conjurations   | 2 3 5 6 |  6.3
Fighting       | 2 |  2.9
Dodging        | |  1.9
Stealth        | |  1.9
Spellcasting   | |  2.0

Action                   |  1- 3 |  4- 6 |  7- 9 || total
-------------------------+-------+-------+-------++-------
Melee: Unarmed           |     6 |       |       ||     6
       Tailslap          |     5 |     6 |     4 ||    15
       Club              |    65 |    84 |    46 ||   195
 Cast: Foxfire           |     9 |    15 |     9 ||    33
       Scorch            |    24 |    41 |    25 ||    90
       Conjure Flame     |     1 |     1 |     3 ||     5
       Flame Wave        |       |       |     4 ||     4
  Use: Potion            |       |       |     6 ||     6
       Scroll            |       |       |     7 ||     7
 Stab: Sleeping          |     2 |     2 |       ||     4
Armor: Skin              |    29 |    36 |    37 ||   102
Dodge: Dodged            |    66 |    72 |    41 ||   179

Table legend: (Time is in decaauts)
 A = Elapsed time spent in this place.
 B = Non-inter-level travel time spent in this place.
 C = Inter-level travel time spent in this place.
 D = Time resting spent in this place.
 E = Time spent auto-exploring this place.
 F = Levels seen in this place.
 G = Mean time per level.
                   A        B        C        D        E       F      G
               +--------+--------+--------+--------+--------+-----+--------+
         Total |   7808 |   7294 |    514 |   2893 |   3025 |   5 | 1561.6 |
       Dungeon |   7808 |   7294 |    514 |   2893 |   3025 |   5 | 1561.6 |
               +--------+--------+--------+--------+--------+-----+--------+

Top non-repeatable levels by time:
     D:3: 1919 daAuts
     D:2: 1895 daAuts
     D:4: 1717 daAuts
     D:5: 1207 daAuts
     D:1: 1068 daAuts
